 Dungeon Crawl Stone Soup version 0.28-a0-561-gc72452776e (webtiles) character file.

Game seed: 4886737805825152644

21078 Johnny the Frost Mage (level 12, -5/110 HPs)
             Began as a White Draconian Ice Elementalist on Sept 29, 2021.
             Was an Elder of Sif Muna.
             Killed from afar by a will-o-the-wisp (19 damage)
             ... with a foxfire
             ... on level 2 of the Lair of Beasts.
             The game lasted 00:27:37 (17636 turns).

Johnny the Frost Mage (DrIE)                       Turns: 17636, Time: 00:27:37

Health: -5/110     AC: 10    Str: 10    XL:     12   Next: 51%
Magic:  29/34      EV: 11    Int: 21    God:    Sif Muna [****..]
Gold:   832        SH: 11    Dex: 12    Spells: 17/30 levels left

rFire   . . .      SeeInvis .   a - +3 flail (holy)
rCold   + + +      Faith    .   e - +0 kite shield
rNeg    . . .      Spirit   .   (armour unavailable)
rPois   .          Reflect  .   D - +2 hat
rElec   .          Harm     .   m - scarf {rC+ rF+}
rCorr   .          Rampage  .   (no gloves)
Will    .....                   (no boots)
Stlth   ++........              w - amulet of magic regeneration
HPRegen 0.28/turn               H - ring of ice
MPRegen 0.49/turn               L - ring of magical power

@: no status effects
A: breathe frost, AC +8, unfitting armour, cold resistance 1, cold-blooded
a: Breathe Frost, Renounce Religion, Channel Magic, Forget Spell, Divine
Exegesis


You were on level 2 of the Lair of Beasts.
You worshipped Sif Muna.
Sif Muna was greatly pleased with you.
You visited 3 branches of the dungeon, and saw 15 of its levels.
You also visited: Ossuary and Bailey.

You collected 832 gold pieces.

Inventory:

Hand Weapons
 a - a +3 flail of holy wrath (weapon)
 c - a +0 spear
 i - a +0 vampiric trident
 E - a +2 short sword of draining
Missiles
 h - 8 throwing nets
Armour
 e - a +0 kite shield (worn)
 g - a +1 buckler
 m - a scarf of resistance (worn)
 D - a +2 hat (worn)
Jewellery
 q - an amulet of faith
 r - a +6 ring of strength
 w - an amulet of magic regeneration (around neck)
 H - a ring of ice (left hand)
 L - a ring of magical power (right hand)
 N - an amulet of regeneration
Wands
 z - a wand of flame (64)
 F - a wand of mindburst (22)
 J - a wand of polymorph (8)
 K - a wand of digging (12)
 M - a wand of iceblast (5)
Scrolls
 b - 3 scrolls of amnesia
 d - 2 scrolls of fog
 f - 4 scrolls of immolation
 v - 3 scrolls of noise
 x - a scroll of holy word {unknown}
 y - 3 scrolls of teleportation
 A - a scroll of enchant armour
 I - a scroll of identify
Potions
 j - a potion of invisibility
 k - 4 potions of flight
 l - 5 potions of might
 n - a potion of berserk rage {unknown}
 o - 3 potions of degeneration
 p - 11 potions of curing
 s - 5 potions of lignification
 t - a potion of ambrosia {unknown}
 u - 3 potions of mutation {unknown}
 B - 2 potions of magic {unknown}
 C - 2 potions of haste {unknown}
 G - 2 potions of attraction {unknown}
 O - a potion of brilliance {unknown}


   Skills:
 + Level 11.1 Fighting
 - Level 1.7 Dodging
 - Level 1.7 Stealth
 + Level 10.0 Shields
 + Level 9.7 Spellcasting
 + Level 13.0 Ice Magic
 + Level 6.3 Invocations


You had 17 spell levels left.
You knew the following spells:

 Your Spells              Type           Power      Damage    Failure   Level
a - Freeze                Ice            100%       1d11      1%          1
b - Frozen Ramparts       Ice            100%       1d12      1%          3
c - Ozocubu's Armour      Ice            78%        N/A       1%          3
d - Sublimation of Blood  Necr           5%         N/A       19%         2
f - Hailstorm             Conj/Ice       54%        3d12      9%          4

Your spell library contained the following spells:

 Spells                   Type           Power      Damage    Failure   Level
 Ensorcelled Hibernation  Hex/Ice        100%       N/A       1%          2
 Magic Dart               Conj           40%        1d5       12%         1
 Summon Small Mammal      Summ           40%        N/A       12%         1
 Call Imp                 Summ           10%        N/A       19%         2
 Passwall                 Tmut/Erth      8%         N/A       19%         2
 Wereblood                Tmut           10%        N/A       19%         2
 Call Canine Familiar     Summ           10%        N/A       36%         3
 Gell's Gravitas          Tloc           5%         N/A       36%         3
 Mephitic Cloud           Conj/Pois/Air  10%        N/A       36%         3
 Spider Form              Tmut/Pois      5%         N/A       36%         3
 Summon Guardian Golem    Hex/Summ       10%        N/A       36%         3
 Swiftness                Air            10%        N/A       36%         3
 Teleport Other           Tloc           10%        N/A       36%         3
 Passage of Golubria      Tloc           N/A        N/A       77%         4
 Silence                  Hex/Air        5%         N/A       98%         5
 Dispersal                Tloc           5%         N/A       100%        6
 Invisibility             Hex            5%         N/A       100%        6
 Summon Hydra             Summ           5%         N/A       100%        7
 Lehudib's Crystal Spear  Conj/Erth      5%         10d3      100%        8


Dungeon Overview and Level Annotations

Branches:
Dungeon (12/15)            Temple (1/1) D:5            Lair (2/6) D:10
  Swamp (0/4) Lair:2          Orc (0/2) D:11        Ossuary (visited)
 Bailey (visited)
  Snake: Lair:2-4    Spider: Lair:2-4

Altars:
Ashenzari
Cheibriados
Dithmenos
Elyvilon
Fedhas
Gozag
Hepliaklqana
Kikubaaqudgha
Makhleb
Nemelex Xobeh
Okawaru
Qazlal
Ru
Sif Muna
Trog
Uskayaw
Vehumet
Wu Jian
Xom
Yredelemnul
Zin
The Shining One

Shops:
D:2 (   D:12 (

Annotations:
D:12 Snorg


Innate Abilities, Weirdness & Mutations

You can breathe waves of freezing cold which knock back foes.
Your icy white scales are hard. (AC +8)
You cannot fit into any form of body armour.
Your flesh is cold resistant. (rC+)
You are cold-blooded and may be slowed by cold attacks.


Message History

Casting: Freeze (safe; 1% risk of failure)
Confirm with . or Enter, or press ? or * to list all spells.
Aiming: Freeze (safe; 1% risk of failure)
Press: ? - help, Shift-Dir - straight line, f/p - water moccasin
Aim: a water moccasin (almost dead, slow)
You feel a surge of power!
You freeze the water moccasin!
You kill the water moccasin!
Sif Muna accepts your kill.
The wall freezes the foxfire.
The foxfire hits you but does no damage.
The foxfire hits you!!
The will-o-the-wisp gestures.
The will-o-the-wisp conjures some foxfire!
The heat melts your icy armour. 2 foxfires come into view.
Your icy armour and frozen ramparts will break if you move.
Continue?
Your icy armour cracks and falls away as you move.
The frozen ramparts melt away as you move.
The foxfire hits you!! The foxfire hits you!
* * * LOW HITPOINT WARNING * * *
The will-o-the-wisp gestures.
The will-o-the-wisp conjures some foxfire! 2 foxfires come into view.
As you read the scroll of teleportation, it crumbles to dust.
You feel strangely unstable. The foxfire hits you!
* * * LOW HITPOINT WARNING * * *
The foxfire hits you.
* * * LOW HITPOINT WARNING * * *
You block the blink frog's attack.
You feel better. You block the blink frog's attack.
The will-o-the-wisp gestures.
The will-o-the-wisp conjures some foxfire!
The blink frog hits you but does no damage. 2 foxfires come into view.
You feel better.
Your surroundings flicker for a moment.
The blink frog is no longer moving slowly.
The foxfire hits you!!
* * * LOW HITPOINT WARNING * * *
The foxfire hits you!!
You die...

##...(.##...........#.. §
#......#... #..........
§≈ #......#.# #..........
.#.#.....#..###......P..#
.....................P##.
........§................
.....F.v§v...............
......FF@................
###....##....P#..........
....... ##..####.....#.#.
....... #...##......##..
....... .....###.........
...#...##....# #.....P#..
....... ##...............
...#... ....###.......©.
....# #.....####


You could see a will-o-the-wisp and 3 blink frogs.

Vanquished Creatures
  2 two-headed ogres
  Sonja (D:10)
  Pikel (D:8)
  2 manticores
  2 black mambas (Lair:1)
  4 cane toads (Lair:1)
  An unseen horror (D:12)
  Psyche (D:9)
  Maggie (D:6)
  2 komodo dragons
  A troll (D:12)
  2 polar bears (Lair:1)
  Grinder (D:6)
  8 blink frogs (Lair:1)
  Sigmund (D:4)
  3 wraiths
  A wyvern (D:10)
  2 shadows (D:11)
  Eustachio (D:5)
  21 yaks
  A basilisk (D:12)
  An acid dragon (D:11)
  3 water moccasins
  An ice beast (D:6)
  A black bear (D:8)
  7 orc warriors
  A sky beast (D:7)
  5 necrophages (D:4)
  3 centaurs
  3 ogres
  3 lemures (D:8)
  3 phantoms
  4 kobold brigands
  Blork the orc (D:4)
  3 bullfrogs
  A scorpion (D:4)
  10 gnoll sergeants
  19 killer bees
  3 wights (D:9)
  A howler monkey (D:9)
  A bullfrog zombie (D:4)
  8 centaur zombies
  8 hounds
  4 orc priests
  6 gnoll shamans (Bailey)
  An iguana (D:4)
  Ijyb (D:4)
  A scorpion zombie (D:5)
  6 orc wizards
  7 ogre zombies (D:11)
  2 mummies
  A howler monkey zombie (D:8)
  8 adders
  31 gnolls
  2 howler monkey skeletons
  A shadow imp (D:7)
  A white imp (D:8)
  2 adder zombies (Ossuary)
  7 dart slugs
  29 orcs
  3 bats
  10 endoplasms
  2 giant cockroaches
  10 goblins
  4 hobgoblins
  3 jackals (D:4)
  19 kobolds
  3 quokkas
  4 ball pythons
  4 frilled lizards (D:1)
  8 goblin zombies
  5 hobgoblin skeletons (D:11)
  8 hobgoblin zombies (Ossuary)
  2 jackal zombies (Ossuary)
  9 kobold zombies (Ossuary)
  26 orc zombies
  5 rats
  2 rat zombies (Ossuary)
386 creatures vanquished.

Vanquished Creatures (collateral kills)
  3 slime creatures (D:12)
3 creatures vanquished.

Vanquished Creatures (others)
  An unseen horror (D:6)
  A bush (D:4)
  9 foxfires (Lair:2)
  A fungus (Lair:1)
  13 plants
25 creatures vanquished.

Grand Total: 414 creatures vanquished

Notes
Turn   | Place    | Note
-------+----------+-------------------------------------------
     0 | D:1      | Johnny the Draconian Ice Elementalist began the quest for
                  | the Orb.
     0 | D:1      | Reached XP level 1. HP: 14/14 MP: 3/3
   344 | D:1      | Reached XP level 2. HP: 10/22 MP: 3/5
   516 | D:1      | Reached skill level 1 in Fighting
   867 | D:1      | Reached XP level 3. HP: 23/28 MP: 6/6
  1351 | D:2      | Found a faded altar of an unknown god.
  1848 | D:2      | Reached XP level 4. HP: 36/36 MP: 5/8
  1988 | D:2      | Found Nororch's Antique Weapon Shoppe.
  2263 | D:3      | Learned a level 3 spell: Frozen Ramparts
  2268 | D:3      | Found an iron altar of Okawaru.
  2293 | D:3      | Reached skill level 1 in Shields
  2599 | D:4      | Reached XP level 5. HP: 16/42 MP: 3/9
  2789 | D:4      | Noticed a yak
  2789 | D:4      | Noticed a yak
  2789 | D:4      | Noticed a yak
  2789 | D:4      | Noticed a yak
  2844 | D:4      | Reached skill level 5 in Ice Magic
  2851 | D:4      | Found a sand-covered staircase.
  2866 | Ossuary  | Entered an ossuary
  3123 | Ossuary  | Learned a level 4 spell: Hailstorm
  3401 | Ossuary  | Reached XP level 6. HP: 46/51 MP: 11/11
  3670 | D:4      | Noticed Sigmund
  3699 | D:4      | Killed Sigmund
  4153 | D:4      | Noticed Ijyb
  4173 | D:4      | Killed Ijyb
  4227 | D:4      | Noticed Blork the orc
  4239 | D:4      | Killed Blork the orc
  4240 | D:4      | Your scales start taking on an icy white colour.
  4240 | D:4      | Reached skill level 6 in Ice Magic
  4240 | D:4      | Reached XP level 7. HP: 45/59 MP: 3/13
  4240 | D:4      | Gained mutation: Your flesh is cold resistant. (rC+) [White
                  | Draconian growth]
  4424 | D:4      | Found a blossoming altar of Fedhas.
  4601 | D:4      | Killed a yak
  4602 | D:4      | Reached skill level 7 in Ice Magic
  4603 | D:4      | Killed a yak
  4604 | D:4      | Killed a yak
  4605 | D:4      | Reached skill level 5 in Fighting
  4605 | D:4      | Reached XP level 8. HP: 63/68 MP: 1/15
  4758 | D:4      | Reached skill level 5 in Spellcasting
  5148 | D:4      | Reached skill level 8 in Ice Magic
  5169 | D:4      | Reached skill level 5 in Shields
  6120 | D:5      | Entered Level 5 of the Dungeon
  6478 | D:5      | Noticed Eustachio
  6489 | D:5      | Killed Eustachio
  6490 | D:5      | Reached XP level 9. HP: 78/78 MP: 12/17
  6816 | D:5      | Found a staircase to the Ecumenical Temple.
  7018 | Temple   | Entered the Ecumenical Temple
  7293 | D:6      | Noticed Grinder
  7320 | D:6      | Killed Grinder
  7321 | D:6      | Reached skill level 9 in Ice Magic
  7532 | D:6      | Learned a level 3 spell: Ozocubu's Armour
  7742 | D:6      | Learned a level 2 spell: Sublimation of Blood
  7778 | D:6      | Noticed Maggie
  7789 | D:6      | Killed Maggie
  8103 | D:6      | Killed an unseen horror
  8442 | D:6      | You fall into a shaft and drop 3 floors!
  8457 | D:9      | Reached skill level 10 in Ice Magic
  8490 | D:9      | Reached XP level 10. HP: 66/88 MP: 12/20
  8888 | D:8      | Noticed Pikel
  8894 | D:8      | Killed Pikel
  9201 | D:8      | Noticed a two-headed ogre
  9211 | D:8      | Killed a two-headed ogre
  9747 | D:7      | Found a radiant altar of Vehumet.
 10317 | D:6      | Found a burning altar of Makhleb.
 10778 | D:9      | Found a bloodstained altar of Trog.
 10784 | D:9      | Found a shimmering blue altar of Sif Muna.
 10789 | D:9      | Found a glowing silver altar of Zin.
 10828 | D:9      | Became a worshipper of Sif Muna the Loreminder
 10867 | D:9      | Noticed a +0 hand axe
 10867 | D:9      | Noticed a +0 hand axe
 11203 | D:9      | Found a hide-covered altar of Uskayaw.
 11219 | D:9      | Noticed a manticore
 11228 | D:9      | Killed a manticore
 11229 | D:9      | Reached skill level 11 in Ice Magic
 11570 | D:9      | Noticed Psyche
 11575 | D:9      | Killed Psyche
 11576 | D:9      | Reached skill level 1 in Invocations
 11677 | D:9      | Found an ornate altar of the Wu Jian Council.
 11790 | D:9      | Reached XP level 11. HP: 87/97 MP: 23/23
 12026 | D:10     | Entered Level 10 of the Dungeon
 12158 | D:10     | Reached * piety under Sif Muna
 12664 | D:10     | Noticed Sonja
 12667 | D:10     | Found a broken altar of Ashenzari.
 12675 | D:10     | Killed Sonja
 12726 | D:10     | Found a staircase to the Lair.
 13249 | D:11     | Found a staircase to the Orcish Mines.
 13267 | D:11     | Reached ** piety under Sif Muna
 13797 | D:11     | Reached skill level 10 in Fighting
 13860 | D:11     | Found a glowing silver altar of Zin.
 14037 | D:11     | Reached skill level 12 in Ice Magic
 14351 | D:11     | Noticed a two-headed ogre
 14359 | D:11     | Killed a two-headed ogre
 14585 | D:12     | Noticed Snorg
 14624 | D:12     | Reached *** piety under Sif Muna
 14799 | D:12     | HP: 2/101 [large slime creature (31)]
 14822 | D:12     | Found Rif Joh's Firing Range.
 14844 | D:12     | Reached skill level 5 in Invocations
 14892 | D:12     | Found a flagged portal.
 14902 | Bailey   | Entered a bailey
 15210 | Bailey   | Reached XP level 12. HP: 99/107 MP: 1/25
 15797 | Lair:1   | Entered Level 1 of the Lair of Beasts
 15979 | Lair:1   | Identified the +2 scale mail "Ofut" {Dex+4 Stlth+}
 16026 | Lair:1   | Reached **** piety under Sif Muna
 16934 | Lair:1   | Reached skill level 10 in Shields
 16934 | Lair:1   | Reached skill level 13 in Ice Magic
 17592 | Lair:2   | Noticed a catoblepas
 17622 | Lair:2   | Found a staircase to the Swamp.
 17636 | Lair:2   | Killed from afar by a will-o-the-wisp

Illustrated notes

Levels and vault maps discovered:
D:1:      kennysheep_arrival_seaside, layout_basic
D:2:      layout_loops_ring, ebering_ecumenical_altar_abandoned, serial_shops,
          shop_fountains
D:3:      layout_basic, okawaru_metal_pillars_1_2
D:4:      layout_basic, fedhas_altar_decomposition, gup_ossuary_entry_pyramid,
          uniq_blork_the_orc, uniq_ijyb, uniq_sigmund
D:5:      layout_loops_ring, lemuel_temple_firewalk_b, uniq_eustachio
D:6:      layout_basic, lightli_temple_of_fire, uniq_maggie, uniq_grinder
D:7:      layout_basic, nicolae_vehumet_radiance
D:8:      layout_basic, uniq_pikel
D:9:      layout_loops_ring, pdpol_wu_jian_five_deadly_venoms,
          minmay_overflow_temple_star_quad, dancing_weapons_uskayaw,
          kennysheep_small_spiral, uniq_psyche
D:10:     layout_basic, nicolae_ashenzari_skybound, lair_entry_dummy, uniq_sonja
D:11:     layout_loops_ring, zombieorc2_lemuel, grunt_ministairs_15,
          zin_statuary
D:12:     layout_rooms, enter_bailey_7, nicolae_shop_firing_range, uniq_snorg
Temple:   minmay_temple_bridge_abc
Lair:1:   layout_gridlike
Lair:2:   layout_regular_city, minmay_swamp_entry_wisps, nzn_ghost_randoct,
          infiniplex_staircase_pool_2

Skill      XL: |  1  2  3  4  5  6  7  8  9 10 11 12 |
---------------+-------------------------------------+-----
Fighting       | 1 2 3 4 5 6 7 9 10 11 | 11.1
Shields        | 1 2 3 4 5 6 8 9 10 | 10.0
Spellcasting   | 3 4 5 7 8 9 |  9.7
Ice Magic      | 5 6 7 8 10 11 12 13 | 13.0
Invocations    | 1 5 6 |  6.3
Dodging        | |  1.7
Stealth        | |  1.7

Action                   |  1- 3 |  4- 6 |  7- 9 | 10-12 || total
-------------------------+-------+-------+-------+-------++-------
Melee: Dagger            |    41 |       |       |       ||    41
       Unarmed           |     5 |       |       |       ||     5
       Spear             |    55 |   210 |   121 |       ||   386
       Tailslap          |     4 |    18 |    17 |    30 ||    69
       Flail             |       |       |    80 |   278 ||   358
 Cast: Freeze            |    27 |    62 |    82 |   203 ||   374
       Frozen Ramparts   |       |     6 |    22 |    58 ||    86
       Hailstorm         |       |       |     9 |    51 ||    60
       Ozocubu's Armour  |       |       |     3 |    23 ||    26
Evoke: Wand              |       |       |    18 |    36 ||    54
  Use: Scroll            |       |       |     3 |    20 ||    23
       Potion            |       |       |     1 |     5 ||     6
 Stab: Sleeping          |     6 |     3 |     4 |       ||    13
Armor: Skin              |    37 |    92 |    62 |   312 ||   503
Dodge: Dodged            |    58 |   153 |    98 |   323 ||   632
Block: Buckler           |     1 |    49 |    47 |   156 ||   253
       Kite shield       |       |       |       |    57 ||    57

Table legend: (Time is in decaauts)
 A = Elapsed time spent in this place.
 B = Non-inter-level travel time spent in this place.
 C = Inter-level travel time spent in this place.
 D = Time resting spent in this place.
 E = Time spent auto-exploring this place.
 F = Levels seen in this place.
 G = Mean time per level.
                   A        B        C        D        E       F      G
               +--------+--------+--------+--------+--------+-----+--------+
         Total |  17876 |  17309 |    567 |   3670 |  10125 |  17 | 1051.5 |
       Dungeon |  14238 |  13728 |    510 |   2606 |   8347 |  12 | 1186.5 |
        Temple |    202 |    180 |     22 |      0 |    174 |   1 |  202.0 |
          Lair |   1843 |   1809 |     34 |    371 |   1181 |   2 |  921.5 |
       Ossuary |    792 |    792 |      0 |    276 |    219 |   1 |  792.0 |
        Bailey |    798 |    798 |      0 |    417 |    204 |   1 |  798.0 |
               +--------+--------+--------+--------+--------+-----+--------+

Top non-repeatable levels by time:
     D:4: 2191 daAuts
  Lair:1: 1662 daAuts
     D:6: 1651 daAuts
     D:9: 1405 daAuts
    D:10: 1392 daAuts
    D:11: 1284 daAuts
     D:1: 1271 daAuts
     D:8: 1222 daAuts
     D:2: 975 daAuts
     D:5: 951 daAuts
     D:3: 942 daAuts
  Bailey: 798 daAuts
 Ossuary: 792 daAuts
     D:7: 543 daAuts
    D:12: 407 daAuts
